3AAA
HAMILTON COYOTES @ HIALEAH DODOS
06/30/2026
 
TOP OF THE 1ST
Hamilton Coyotes batting - Pitching for Hialeah Dodos : RHP Lucas Begay
Pitching: RHP Lucas Begay
Batting: RHB Alfredo Cardenas 0-0: Ball
1-0: Ball
2-0: Called Strike
2-1: Foul Ball, location: 2F
2-2: Ground out 6-3 (Groundball, 6)
Batting: LHB Tony Ríos 0-0: Ball
1-0: Foul Ball, location: 2F
1-1: Ball
2-1: Ground out U3 (Groundball, 3)
Batting: RHB Monty Sharp 0-0: Called Strike
0-1: Ball
1-1: Ball
2-1: Fly out, F3 (Popup, 3)
Top of the 1st over - 0 run(s), 0 hit(s), 0 error(s), 0 left on base; Hamilton 0 - Hialeah 0
BOTTOM OF THE 1ST
Hialeah Dodos batting - Pitching for Hamilton Coyotes : LHP Earl Brown
Pitching: LHP Earl Brown
Batting: RHB Jorge Salgado 0-0: Ball
1-0: Called Strike
1-1: Ground out 6-3 (Groundball, 6)
Batting: RHB Armando García 0-0: Called Strike
0-1: Ground out 5-3 (Groundball, 56S)
Batting: LHB Álex Burgos 0-0: Ball
1-0: Ball
2-0: Fly out, F8 (Flyball, 8RM)
Bottom of the 1st over - 0 run(s), 0 hit(s), 0 error(s), 0 left on base; Hamilton 0 - Hialeah 0
TOP OF THE 2ND
Hamilton Coyotes batting - Pitching for Hialeah Dodos : RHP Lucas Begay
Batting: LHB Manuel Sánchez 0-0: Foul Ball, location: 2F
0-1: Foul Ball, location: 2F
0-2: Foul Ball, location: 2F
0-2: Strikes out swinging
Batting: RHB Héctor Rojas 0-0: SOLO HOME RUN (Line Drive, 7D), Distance : 380 ft
Batting: RHB José Icaza 0-0: Called Strike
0-1: Foul Ball, location: 2F
0-2: Foul Ball, location: 2F
0-2: Ball
1-2: Ball
2-2: Ground out 5-3 (Groundball, 56)
Batting: LHB Tommy Sullivan 0-0: Swinging Strike
0-1: Foul Ball, location: 2F
0-2: Ball
1-2: Strikes out swinging
Top of the 2nd over - 1 run(s), 1 hit(s), 0 error(s), 0 left on base; Hamilton 1 - Hialeah 0
BOTTOM OF THE 2ND
Hialeah Dodos batting - Pitching for Hamilton Coyotes : LHP Earl Brown
Batting: RHB Aurelio Álvarez 0-0: Swinging Strike
0-1: Foul Ball, location: 2F
0-2: Ball
1-2: Foul Ball, location: 2F
1-2: Ball
2-2: SINGLE (Groundball, 5D)
Batting: LHB Perry Bothof 0-0: Ball
1-0: Ball
2-0: Ball
3-0: Called Strike
3-1: Foul Ball, location: 2F
3-2: Fly out, F8 (Flyball, 8RM)
Batting: LHB Errol Levick 0-0: Ball
1-0: Called Strike
1-1: Ball
2-1: Reached on error, E1 (Line Drive, 13)
Aurelio Álvarez to second
Batting: SHB Luis Manuel Flores 0-0: Foul Ball, location: 2F
0-1: Called Strike
0-2: SINGLE (Groundball, 4MS) (infield hit)
Aurelio Álvarez to third
Errol Levick to second
Batting: LHB Alfonso Núñez 0-0: SINGLE (Groundball, 4MD)
Aurelio Álvarez scores
Errol Levick to third
Luis Manuel Flores to second
Runner from 3rd tries for Home, SAFE, throw made home
Luis Manuel Flores to third
Alfonso Núñez to second
Batting: RHB Daniel Ruíz 0-0: Ball
1-0: Swinging Strike
1-1: SINGLE (Groundball, 6D)
Luis Manuel Flores scores
Alfonso Núñez to third
Batting: RHB Jorge Salgado 0-0: Called Strike
0-1: Called Strike
0-2: Ball
Daniel Ruíz steals 2nd base
1-2: Foul Ball, location: 2F
1-2: Fly out, F9 (Flyball, 89D)
Runner from 3rd tags up, SCORES, no throw
Daniel Ruíz to third
Batting: RHB Armando García 0-0: Ball
1-0: Swinging Strike
1-1: Ball
2-1: Ground out 5-3 (Groundball, 5)
Bottom of the 2nd over - 4 run(s), 4 hit(s), 1 error(s), 1 left on base; Hamilton 1 - Hialeah 4
TOP OF THE 3RD
Hamilton Coyotes batting - Pitching for Hialeah Dodos : RHP Lucas Begay
Batting: RHB Henry Mann 0-0: Ball
1-0: Called Strike
1-1: Foul Ball, location: 2F
1-2: Ball
2-2: Strikes out swinging
Batting: RHB Dan Bernard 0-0: Called Strike
0-1: Swinging Strike
0-2: Ground out 1-3 (Groundball, 15S)
Batting: RHB Alfredo Cardenas 0-0: Ball
1-0: Ball
2-0: Called Strike
2-1: Foul Ball, location: 2F
2-2: Foul Ball, location: 2F
2-2: Strikes out swinging
Top of the 3rd over - 0 run(s), 0 hit(s), 0 error(s), 0 left on base; Hamilton 1 - Hialeah 4
BOTTOM OF THE 3RD
Hialeah Dodos batting - Pitching for Hamilton Coyotes : LHP Earl Brown
Batting: LHB Álex Burgos 0-0: Swinging Strike
0-1: Swinging Strike
0-2: Ball
1-2: Ball
2-2: Foul Ball, location: 2F
2-2: Ground out 4-3 (Groundball, 4)
Batting: RHB Aurelio Álvarez 0-0: Called Strike
0-1: Ball
1-1: Ball
2-1: SINGLE (Line Drive, 78S)
Batting: LHB Perry Bothof 0-0: Ball
1-0: Ball
2-0: Ball
3-0: Called Strike
3-1: Base on Balls
Aurelio Álvarez to second
Batting: LHB Errol Levick 0-0: Called Strike
0-1: Ball
1-1: Ball
2-1: Foul Ball, location: 2F
2-2: Ball
3-2: Base on Balls
Aurelio Álvarez to third
Perry Bothof to second
Batting: SHB Luis Manuel Flores 0-0: Swinging Strike
0-1: Ball
1-1: Called Strike
1-2: Ball
2-2: GRAND SLAM HOME RUN (Line Drive, 7D), Distance : 394 ft
Pitching: LHP Reynaldo Sánchez
Batting: LHB Alfonso Núñez 0-0: Foul Ball, location: 2F
0-1: Ball
1-1: Ball
2-1: Called Strike
2-2: Ball
3-2: Strikes out swinging
Batting: RHB Daniel Ruíz 0-0: Foul Ball, location: 2F
0-1: Ball
1-1: Swinging Strike
1-2: Ball
2-2: Fly out, F9 (Line Drive, 9)
Bottom of the 3rd over - 4 run(s), 2 hit(s), 0 error(s), 0 left on base; Hamilton 1 - Hialeah 8
TOP OF THE 4TH
Hamilton Coyotes batting - Pitching for Hialeah Dodos : RHP Lucas Begay
Batting: LHB Tony Ríos 0-0: Ball
1-0: Called Strike
1-1: Ball
2-1: Foul Ball, location: 2F
2-2: Ball
3-2: Fly out, F9 (Flyball, 9)
Batting: RHB Monty Sharp 0-0: Ball
1-0: Called Strike
1-1: Fly out, F9 (Flyball, 89D)
Batting: LHB Manuel Sánchez 0-0: Ball
1-0: Called Strike
1-1: Fly out, F9 (Flyball, 89M)
Top of the 4th over - 0 run(s), 0 hit(s), 0 error(s), 0 left on base; Hamilton 1 - Hialeah 8
BOTTOM OF THE 4TH
Hialeah Dodos batting - Pitching for Hamilton Coyotes : LHP Reynaldo Sánchez
Batting: RHB Jorge Salgado 0-0: Ball
1-0: Ground out 5-3 (Groundball, 56)
Batting: RHB Armando García 0-0: Ball
1-0: DOUBLE (Line Drive, 7LS)
Batting: LHB Álex Burgos 0-0: Ball
1-0: Ground out 4-3 (Groundball, 4)
Armando García to third
Batting: RHB Aurelio Álvarez 0-0: Ball
1-0: Called Strike
1-1: Ground out 1-3 (Groundball, 13S)
Bottom of the 4th over - 0 run(s), 1 hit(s), 0 error(s), 1 left on base; Hamilton 1 - Hialeah 8
TOP OF THE 5TH
Hamilton Coyotes batting - Pitching for Hialeah Dodos : RHP Lucas Begay
Batting: RHB Héctor Rojas 0-0: Called Strike
0-1: Ground out 5-3 (Groundball, 56)
Batting: RHB José Icaza 0-0: Ground out 6-3 (Groundball, 6)
Batting: LHB Tommy Sullivan 0-0: SINGLE (Groundball, 4MS) (infield hit)
Batting: RHB Henry Mann 0-0: Ball
1-0: Called Strike
1-1: Called Strike
1-2: Fly out, F8 (Flyball, 8LS)
Top of the 5th over - 0 run(s), 1 hit(s), 0 error(s), 1 left on base; Hamilton 1 - Hialeah 8
BOTTOM OF THE 5TH
Hialeah Dodos batting - Pitching for Hamilton Coyotes : LHP Reynaldo Sánchez
Batting: LHB Perry Bothof 0-0: Called Strike
0-1: Ball
1-1: Called Strike
1-2: Foul Ball, location: 2F
1-2: Foul Ball, location: 2F
1-2: Ball
2-2: Foul Ball, location: 2F
2-2: Strikes out swinging
Batting: LHB Errol Levick 0-0: Ball
1-0: Ball
2-0: Called Strike
2-1: Ball
3-1: Base on Balls
Batting: SHB Luis Manuel Flores 0-0: Ball
1-0: Fielders Choice at 2nd, 4-6 (Groundball, 4)
Batting: LHB Alfonso Núñez 0-0: Called Strike
Luis Manuel Flores steals 2nd base
0-1: Called Strike
0-2: Ball
1-2: Foul Ball, location: 2F
1-2: Ball
2-2: Foul Ball, location: 2F
2-2: Foul Ball, location: 2F
2-2: Ball
3-2: Strikes out looking
Bottom of the 5th over - 0 run(s), 0 hit(s), 0 error(s), 1 left on base; Hamilton 1 - Hialeah 8
TOP OF THE 6TH
Hamilton Coyotes batting - Pitching for Hialeah Dodos : RHP Lucas Begay
Batting: RHB Dan Bernard 0-0: Ground out 5-3 (Groundball, 5)
Batting: RHB Alfredo Cardenas 0-0: Fly out, F8 (Flyball, 8RM)
Batting: LHB Tony Ríos 0-0: Swinging Strike
0-1: Ball
1-1: Ball
2-1: Ground out U3 (Groundball, 34)
Top of the 6th over - 0 run(s), 0 hit(s), 0 error(s), 0 left on base; Hamilton 1 - Hialeah 8
BOTTOM OF THE 6TH
Hialeah Dodos batting - Pitching for Hamilton Coyotes : LHP Reynaldo Sánchez
Batting: RHB Daniel Ruíz 0-0: Ball
1-0: SINGLE (Groundball, 4MD)
Batting: RHB Jorge Salgado 0-0: Ball
1-0: Ground out 6-3 (Groundball, 6S)
Daniel Ruíz to second
Batting: RHB Armando García 0-0: SINGLE (Groundball, 15) (infield hit)
Daniel Ruíz to third
Batting: LHB Álex Burgos 0-0: Ball
1-0: Ball
2-0: Ground out 3-1 (Groundball, 34S)
Daniel Ruíz scores
Armando García to second
Batting: RHB Aurelio Álvarez 0-0: Called Strike
0-1: Foul Ball, location: 2F
0-2: Fly out, F8 (Flyball, 78S)
Bottom of the 6th over - 1 run(s), 2 hit(s), 0 error(s), 1 left on base; Hamilton 1 - Hialeah 9
TOP OF THE 7TH
Hamilton Coyotes batting - Pitching for Hialeah Dodos : RHP Lucas Begay
Batting: RHB Monty Sharp 0-0: Foul Ball, location: 2F
0-1: Ball
1-1: Ground out 1-3 (Groundball, 15)
Batting: LHB Manuel Sánchez 0-0: Ball
1-0: Ball
2-0: Foul Ball, location: 2F
2-1: Swinging Strike
2-2: Ball
3-2: Strikes out swinging
Batting: RHB Héctor Rojas 0-0: Foul Ball, location: 2F
0-1: Ball
1-1: Ball
2-1: Foul Ball, location: 2F
2-2: Foul Ball, location: 2F
2-2: Ground out 5-3 (Groundball, 56S)
Top of the 7th over - 0 run(s), 0 hit(s), 0 error(s), 0 left on base; Hamilton 1 - Hialeah 9
BOTTOM OF THE 7TH
Hialeah Dodos batting - Pitching for Hamilton Coyotes : LHP Reynaldo Sánchez
Batting: LHB Perry Bothof 0-0: Ball
1-0: Fly out, F8 (Flyball, 8LM)
Batting: LHB Errol Levick 0-0: Ball
1-0: Ball
2-0: Foul Ball, location: 2F
2-1: Foul Ball, location: 2F
2-2: DOUBLE (Line Drive, 8RXD)
Batting: SHB Luis Manuel Flores 0-0: Ball
1-0: Called Strike
1-1: DOUBLE (Line Drive, 9)
Errol Levick scores
Batting: LHB Alfonso Núñez 0-0: Fly out, F4 (Popup, 34D)
Batting: RHB Daniel Ruíz 0-0: Ball
1-0: Called Strike
1-1: Foul Ball, location: 2F
1-2: SINGLE (Groundball, 56D)
Luis Manuel Flores to third
Runner from 3rd tries for Home, SAFE, no throw
Batting: RHB Jorge Salgado Pickoff Throw to First - Out!
Bottom of the 7th over - 2 run(s), 3 hit(s), 0 error(s), 0 left on base; Hamilton 1 - Hialeah 11
TOP OF THE 8TH
Hamilton Coyotes batting - Pitching for Hialeah Dodos : RHP Lucas Begay
Now at 3B: David Abreu
Now at SS: Gerald Sims
Now in RF: Steve McLeod
Batting: RHB José Icaza 0-0: Ball
1-0: Ball
2-0: Called Strike
2-1: Ball
3-1: Foul Ball, location: 2F
3-2: Ground out 6-3 (Groundball, 6S)
Batting: LHB Tommy Sullivan 0-0: Called Strike
0-1: Foul Ball, location: 2F
0-2: Foul Ball, location: 2F
0-2: Ball
1-2: Strikes out swinging
Batting: RHB Henry Mann 0-0: Ball
1-0: Ball
2-0: Ground out 6-3 (Groundball, 6)
Top of the 8th over - 0 run(s), 0 hit(s), 0 error(s), 0 left on base; Hamilton 1 - Hialeah 11
BOTTOM OF THE 8TH
Hialeah Dodos batting - Pitching for Hamilton Coyotes : LHP Reynaldo Sánchez
Batting: RHB Jorge Salgado 0-0: Ball
1-0: Called Strike
1-1: Foul Ball, location: 2F
1-2: Strikes out swinging
Batting: RHB Armando García 0-0: Fly out, F8 (Flyball, 78M)
Batting: LHB Álex Burgos 0-0: Swinging Strike
0-1: Swinging Strike
0-2: Foul Ball, location: 2F
0-2: Ball
1-2: Fly out, F8 (Flyball, 8LM)
Bottom of the 8th over - 0 run(s), 0 hit(s), 0 error(s), 0 left on base; Hamilton 1 - Hialeah 11
TOP OF THE 9TH
Hamilton Coyotes batting - Pitching for Hialeah Dodos : RHP Lucas Begay
Batting: RHB Dan Bernard 0-0: Ball
1-0: Ball
2-0: Ground out 4-3 (Groundball, 4)
Batting: RHB Alfredo Cardenas 0-0: Ball
1-0: Ball
2-0: Called Strike
2-1: Ball
3-1: Base on Balls
Batting: LHB Tony Ríos 0-0: Ball
1-0: Ball
2-0: SINGLE (Flyball, 8RS)
Alfredo Cardenas to second
Runner from 2nd tries for 3rd, SAFE, no throw
Pinch Hitting: RHB Ralph May 0-0: Ball
1-0: Ball
2-0: Foul Ball, location: 2F
2-1: Foul Ball, location: 2F
2-2: Ground out 6-3 (Groundball, 6MS)
Alfredo Cardenas scores
Tony Ríos to second
Pitching: RHP Olegário Pa
Batting: LHB Manuel Sánchez 0-0: Ball
1-0: Foul Ball, location: 2F
1-1: Fly out, F8 (Flyball, 8RD)
Top of the 9th over - 1 run(s), 1 hit(s), 0 error(s), 1 left on base; Hamilton 2 - Hialeah 11
Monday, March 20th, 2017 - OOTP Baseball 17.12 Build 75